 Dungeon Crawl Stone Soup version 0.16.1-11-g651b585 (webtiles) character file.

3476 karlm the Spear-Bearer (level 10, -2/94 (96) HPs)
             Began as a Naga Berserker on Apr 5, 2015.
             Was a High Priest of Trog.
             Slain by a killer bee (7 damage)
             ... on level 7 of the Dungeon.
             The game lasted 00:21:50 (9184 turns).

karlm the Spear-Bearer (Naga Berserker)             Turns: 9184, Time: 00:21:50

HP:   -2/94 (96)    AC: 12    Str: 20    XL:     10   Next: 6%
MP:   10/10         EV:  8    Int: 14    God:    Trog [*****.]
Gold: 256           SH:  7    Dex: 12    Spells: 0 memorised, 9 levels left

rFire  . . .     SeeInvis +     D - +0 trident
rCold  . . .     Clarity  .     n - +0 chain mail {MR+}
rNeg   . . .     SustAb   .     a - +0 shield
rPois  +         Gourm    .     (no helmet)
rElec  .         Spirit   .     u - +1 cloak (curse)
rCorr  +         Warding  .     G - +0 pair of gloves
rMut   .         Stasis   .     (no barding)
MR     ++...                    j - amulet of resist corrosion
Stlth  ..........               J - +5 ring of intelligence (curse)
                                H - +4 ring of evasion

@: lethally poisoned (-2 -> -8), exhausted, slowed, very slow, very resistant to
hostile enchantments, extremely unstealthy
A: spit poison, see invisible, deformed body, poison resistance, slowness 2, AC
+3
a: Spit Poison, Burn Spellbooks, Berserk, Trog's Hand, Brothers in Arms,
Renounce Religion


You were on level 7 of the Dungeon.
You worshipped Trog.
Trog was extremely pleased with you.
You were very hungry.

You visited 2 branches of the dungeon, and saw 8 of its levels.
You also visited: Sewer and Ossuary.

You collected 256 gold pieces.

Inventory:

Hand weapons
 D - a +0 trident (weapon)
 E - a cursed +0 blowgun
Missiles
 h - 231 stones (quivered)
 p - 2 tomahawks
 w - 4 javelins of penetration
 A - 39 poisoned needles
 I - 6 javelins
Armour
 a - a +0 shield (worn)
 n - a +0 chain mail of magic resistance (worn)
 u - a cursed +1 cloak (worn)
 G - a +0 pair of gloves (worn)
Jewellery
 i - a +1 ring of protection {unknown}
 j - an amulet of resist corrosion (around neck)
 y - an uncursed amulet of regeneration
 H - a +4 ring of evasion (left hand)
 J - a cursed +5 ring of intelligence (right hand)
Magical devices
 C - a wand of cold (11)
 L - a wand of slowing (36)
 M - a wand of digging (8)
Scrolls
 b - 2 scrolls of blinking
 e - 5 scrolls of teleportation
 k - 3 scrolls of remove curse
 m - a scroll of enchant armour {unknown}
 r - a scroll of amnesia
 s - 3 scrolls of fear
 B - 4 scrolls of identify
 P - a scroll of magic mapping
 Q - a scroll of enchant weapon {unknown}
Potions
 d - 2 potions of heal wounds {unknown}
 g - a potion of lignification {unknown}
 l - 2 potions of ambrosia {unknown}
 o - 3 potions of agility {unknown}
 q - a potion of poison
 t - a potion of invisibility {unknown}
 v - a potion of haste {unknown}
 x - a potion of resistance {unknown}
 z - a potion of decay {unknown}
 N - a potion of brilliance {unknown}
 O - 2 potions of curing {unknown}
 R - a potion of flight {unknown}
Comestibles
 c - 4 bread rations
 f - 3 meat rations
 F - a slice of pizza
 K - 3 fruits


   Skills:
 * Level 8.2 Fighting
 * Level 8.2 Polearms
 + Level 5.3 Armour
 + Level 5.3 Dodging
 - Level 3.0 Stealth
 + Level 0.4 Shields


You had 9 spell levels left.
You didn't know any spells.

Dungeon Overview and Level Annotations

Branches:
Dungeon (7/15)             Temple (1/1) D:4

Altars:
Ashenzari
Cheibriados
Dithmenos
Elyvilon
Fedhas
Gozag
Kikubaaqudgha
Makhleb
Nemelex Xobeh
Okawaru
Qazlal
Ru
Sif Muna
Trog
Vehumet
Xom
Yredelemnul
Zin
The Shining One


Innate Abilities, Weirdness & Mutations

You cannot wear boots.
You can spit poison.
Your serpentine skin is tough (AC +3).
You have supernaturally acute eyesight.
Armour fits poorly on your strangely shaped body.
Your system is resistant to poisons.
You cover ground very slowly.


Message History

You feel sick. The killer bee stings you.
* * * LOW HITPOINT WARNING * * *
The killer bee barely misses you. You block the killer bee's attack.
The killer bee barely misses you.
The killer bee stings you but does no damage.
The killer bee stings you.
* * * LOW HITPOINT WARNING * * *
The killer bee stings you but does no damage.
You block the killer bee's attack.
The killer bee stings you but does no damage.
Drink which item? (? for menu, Esc to quit)
It was a potion of poison.
You feel slightly nauseous.
You feel sick.
The killer bee stings you but does no damage.
You block the killer bee's attack.
The killer bee stings you but does no damage.
The killer bee closely misses you. You block the killer bee's attack.
The killer bee stings you.
* * * LOW HITPOINT WARNING * * *
The killer bee stings you!
You die...

............. #.##
.............# #..#
..............## #..##
...............## #..#
............##..## #..##
.............##...####...#
............####..........
........yyy## #...#.....##
.......†@#####..####..###
........####...## #...# #
.........#....## ##..##
.....##......# #...# ...##
##.....####..## .#
##.....##...#
##......##..##
#...........# .
#..####.....#


You could see 3 killer bees.

Vanquished Creatures
  Edmund (D:4)
  The ghost of hulla the Changer, an average OpTm (Ossuary)
  A necrophage (D:7)
  A wasp (D:7)
  A sky beast (D:7)
  2 phantoms
  2 centaurs
  6 ogres
  Sigmund (D:4)
  5 elf zombies (Ossuary)
  3 giant frogs
  A scorpion (D:3)
  2 killer bees (D:7)
  A goliath beetle (D:6)
  3 crimson imps
  3 orc priests
  4 human zombies (Ossuary)
  4 centaur zombies
  A giant frog skeleton (D:6)
  5 orc wizards
  2 iguanas
  4 worker ants
  Terence (D:3)
  3 mummies (Ossuary)
  A worker ant zombie (D:6)
  Robin (D:4)
  3 gnolls (D:3)
  A shadow imp (D:4)
  15 adders
  18 giant mites
  An adder skeleton (D:4)
  9 oozes
  19 orcs
  13 ball pythons
  20 bats
  18 giant cockroaches
  18 goblins
  15 hobgoblins
  7 kobolds
  A quokka (D:3)
  9 giant geckos
  20 giant newts
  10 jackals
  A quokka skeleton (D:5)
  2 quokka zombies
  13 rats
  A spectral orc (D:7)
274 creatures vanquished.

Notes
Turn   | Place    | Note
--------------------------------------------------------------
     0 | D:1      | karlm, the Naga Berserker, began the quest for the Orb.
     0 | D:1      | Reached XP level 1. HP: 21/21 MP: 1/1
   186 | D:1      | Reached XP level 2. HP: 16/28 MP: 2/2
   653 | D:1      | Reached XP level 3. HP: 9/34 MP: 3/3
   896 | D:1      | Reached skill level 1 in Stealth
   919 | D:1      | Acquired Trog's second power
  1190 | D:2      | Found a blossoming altar of Fedhas.
  1333 | D:2      | You fall through a shaft!
  1558 | D:3      | Reached XP level 4. HP: 29/42 MP: 4/4
  1755 | D:3      | Noticed a scorpion
  1768 | D:3      | Noticed an ogre
  1778 | D:3      | Killed an ogre
  1778 | D:3      | Reached XP level 5. HP: 9/50 MP: 5/5
  2663 | D:2      | Reached skill level 4 in Polearms
  2924 | D:3      | Reached XP level 6. HP: 43/57 MP: 6/6
  3034 | D:3      | Noticed Terence
  3159 | D:3      | Killed a scorpion
  3671 | D:3      | Killed Terence
  4299 | D:3      | Reached XP level 7. HP: 48/66 MP: 7/7
  4620 | D:4      | Noticed Robin
  4625 | D:4      | Killed Robin
  4652 | D:4      | Noticed Sigmund
  4668 | D:4      | Killed Sigmund
  4780 | D:4      | Found a bloodstained altar of Trog.
  4818 | D:4      | Found a staircase to the Ecumenical Temple.
  4833 | Temple   | Entered the Ecumenical Temple
  4973 | D:4      | Noticed Edmund
  4981 | D:4      | Killed Edmund
  4981 | D:4      | Reached skill level 5 in Fighting
  4981 | D:4      | Reached skill level 5 in Polearms
  5066 | D:4      | Acquired Trog's third power
  5163 | D:4      | Found a white marble altar of Elyvilon.
  5419 | D:4      | Found a deep blue altar of Sif Muna.
  5513 | D:5      | Entered Level 5 of the Dungeon
  5550 | D:5      | Reached XP level 8. HP: 74/74 MP: 8/8
  5728 | D:5      | Found a glowing drain.
  5781 | Sewer    | Entered a sewer
  6271 | Sewer    | Reached skill level 6 in Polearms
  7330 | D:6      | Reached XP level 9. HP: 83/85 MP: 9/9
  7601 | D:6      | Reached skill level 7 in Polearms
  7974 | D:6      | Found a radiant altar of Vehumet.
  7974 | D:6      | Found a stormy altar of Qazlal.
  8446 | D:7      | Reached skill level 5 in Armour
  8462 | D:7      | Found a basalt altar of Yredelemnul.
  8476 | D:7      | Found a sand-covered staircase.
  8481 | Ossuary  | Entered an ossuary
  8486 | Ossuary  | Noticed hulla's ghost (average OpTm)
  8496 | Ossuary  | Killed hulla's ghost
  8629 | Ossuary  | Reached skill level 5 in Dodging
  8659 | Ossuary  | Reached skill level 8 in Polearms
  8923 | Ossuary  | Reached XP level 10. HP: 90/94 MP: 10/10
  9184 | D:7      | Slain by a killer bee

Action                   |  1- 3 |  4- 6 |  7- 9 | 10-12 || total
-------------------------+-------+-------+-------+-------++-------
Melee: Spear             |   167 |   162 |       |       ||   329
       Trident           |       |   111 |   869 |    78 ||  1058
Throw: Stone             |       |     1 |       |       ||     1
Invok: Berserk           |     1 |     1 |     8 |     1 ||    11
 Abil: Spit Poison       |     3 |    13 |    13 |     1 ||    30
  Use: Scroll            |       |       |    12 |       ||    12
       Potion            |       |       |       |     1 ||     1
 Stab: Sleeping          |     1 |     1 |       |       ||     2
  Eat: Chunk             |     3 |    11 |    24 |     1 ||    39
       Beef jerky        |       |       |       |     1 ||     1
